 Dungeon Crawl Stone Soup version 0.31-a0-986-g5e6e4ef867 (webtiles) character file.

Game seed: 1292194220928262988

17522 Demosthentine the Fighter (level 12, -7/87 HPs)
             Began as a Demonspawn Gladiator on Nov 8, 2023.
             Was a High Priest of Hepliaklqana.
             Mangled by a skeletal warrior
             ... wielding a +0 dire flail
              (20 damage)
             ... on level 11 of the Dungeon.
             The game lasted 00:13:04 (9182 turns).

Demosthentine the Fighter (Demonspawn Gladiator)    Turns: 9182, Time: 00:13:04

Health: -7/87      AC: 13    Str: 16    XL:     12   Next: 19%
Magic:  0/17       EV: 20    Int: 11    God:    Hepliaklqana [*****.]
Gold:   634        SH:  0    Dex: 23    Spells: 11/11 levels left

rFire   . . .        q - +6 trident "Dituch" {heavy, rElec Will+}
rCold   . . .        (no shield)
rNeg    . . .        D - +0 steam dragon scales
rPois   .            c - +0 helmet
rElec   +            G - +2 cloak
rCorr   +            i - +1 pair of gloves
SInv    .            (boots unavailable)
Will    +....        f - amulet of regeneration
Stlth   ++           s - ring of resist corrosion
HPRegen 1.14/turn    y - +6 ring of dexterity
MPRegen 0.30/turn

%: guardian spirit
@: no status effects
A: reduced essence, hooves 3, magic shield, magic regeneration, sturdy frame 2
a: Renounce Religion, Recall Ancestor, Ancestor Identity, Transference, Idealise


You were on level 11 of the Dungeon.
You worshipped Hepliaklqana.
Hepliaklqana was extremely pleased with you.
You visited 2 branches of the dungeon, and saw 13 of its levels.

You collected 846 gold pieces.
You spent 212 gold pieces at shops.

Inventory:

Hand Weapons
 a - a +0 trident of freezing
 q - the +6 trident "Dituch" (weapon) {heavy, rElec Will+}
   (You bought it in a shop on level 1 of the Dungeon)

   rElec:     It insulates you from electricity.
   Will+:     It increases your willpower.
 A - a +3 trident
 C - the +8 Wrath of Trog {antimagic, *Rage Rampage}
   (You found it on level 8 of the Dungeon)

   It causes slowness and exhaustion when equipped.
   It extends the wielder's berserk rage when killing foes.
   *Rage:     It berserks you when you make melee attacks (+50% chance).
   Rampage:   It bestows one free step when moving towards enemies.
Missiles
 d - 2 throwing nets (quivered)
 e - a javelin
Armour
 c - a +0 helmet (worn)
 i - a +1 pair of gloves (worn)
 p - a +2 buckler
 D - +0 steam dragon scales (worn)
 G - a +2 cloak (worn)
Jewellery
 f - an amulet of regeneration (around neck)
 s - a ring of resist corrosion (left hand)
 y - a +6 ring of dexterity (right hand)
 z - a ring of protection from fire
 H - a ring of protection from cold
 J - a ring of protection from fire
 K - a +6 ring of strength
Wands
 m - a wand of charming (12)
 u - a wand of flame (16)
 E - a wand of iceblast (5)
 I - a wand of polymorph (4)
Scrolls
 b - a scroll of torment
 g - a scroll of revelation
 h - a scroll of immolation
 o - 6 scrolls of teleportation
 r - a scroll of enchant armour
 t - a scroll of identify
 F - a scroll of amnesia
 L - a scroll of fog {unknown}
Potions
 j - 2 potions of cancellation
 k - 5 potions of curing
 l - 2 potions of magic
 n - 2 potions of mutation
 v - a potion of brilliance
 w - 2 potions of enlightenment
 x - a potion of berserk rage
 B - 2 potions of might


   Skills:
 + Level 10.0 Fighting
 + Level 9.4 Polearms
 - Level 1.7 Throwing
 - Level 7.0 Armour
 + Level 9.4 Dodging
 + Level 5.1 Shields
 + Level 7.5 Invocations


You had 11 spell levels left.
You didn't know any spells.
Your spell library contained the following spells:

 Spells                   Type           Power      Damage    Failure   Level
 Apportation              Tloc           0%         N/A       34%         1
 Necrotise                Necr           0%         1d4       34%         1
 Summon Small Mammal      Summ           0%         N/A       34%         1
 Ensorcelled Hibernation  Hex/Ice        0%         N/A       47%         2
 Jinxbite                 Hex            0%         N/A       47%         2
 Inner Flame              Hex/Fire       0%         N/A       71%         3
 Tukima's Dance           Hex            0%         N/A       71%         3
 Anguish                  Hex/Necr       0%         N/A       98%         4
 Brom's Barrelling Bould  Conj/Erth      0%         2d3       98%         4
 Dimensional Bullseye     Hex/Tloc       0%         N/A       98%         4
 Iskenderun's Mystic Bla  Conj/Tloc      0%         2d3       98%         4
 Fireball                 Conj/Fire      0%         3d3       100%        5
 Iskenderun's Battlesphe  Conj           0%         2d6       100%        5
 Yara's Violent Unravell  Hex/Tmut       0%         3d3       100%        5
 Conjure Ball Lightning   Conj/Air       0%         3x3d6     100%        6
 Enfeeble                 Hex            0%         N/A       100%        7
 Orb of Destruction       Conj           0%         9d5       100%        7


Dungeon Overview and Level Annotations

Branches:
Dungeon (12/15)            Temple (1/1) D:4            Lair (0/5) D:8
    Orc (0/2) D:12

Altars:
Ashenzari
Cheibriados
Dithmenos
Fedhas
Gozag
Hepliaklqana
Kikubaaqudgha
Makhleb
Nemelex Xobeh
Okawaru
Qazlal
Ru
Sif Muna
Trog
Uskayaw
Vehumet
Wu Jian
Xom
Yredelemnul

Shops:
D:1 (   D:11 =


Innate Abilities, Weirdness & Mutations

Your life essence is reduced to manifest your ancestor. (-10% HP)
You have hooves in place of feet.
When hurt, damage is shared between your health and your magic reserves.
You regenerate magic rapidly.
Your movements are less encumbered by armour. (ER -4)


Message History

The skeletal warrior hits Waqi with a +0 dire flail!
Waqi hits the skeletal warrior but does no damage.
Unknown command.
You strike the helpless skeletal warrior from behind!
You hit the skeletal warrior but do no damage.
The skeletal warrior is heavily damaged.
Waqi hits the skeletal warrior but does no damage.
The skeletal warrior hits Waqi with a +0 dire flail!!
Waqi is destroyed!
Unknown command.
You barely miss the skeletal warrior.
You kick the skeletal warrior, but do no damage.
The skeletal warrior is heavily damaged.
The skeletal warrior misses you.
You hit the skeletal warrior.
You kick the skeletal warrior, but do no damage.
The skeletal warrior is heavily damaged.
The skeletal warrior closely misses you.
The skeletal warrior hits you with a +0 dire flail!
You closely miss the skeletal warrior. Your kick misses the skeletal warrior.
The skeletal warrior is heavily damaged.
The skeletal warrior hits you with a +0 dire flail!
Unknown command.
You impale the skeletal warrior!! Your kick misses the skeletal warrior.
The skeletal warrior is almost destroyed.
The skeletal warrior hits you with a +0 dire flail.
Unknown command.
You closely miss the skeletal warrior.
You punch the skeletal warrior, but do no damage.
The skeletal warrior is almost destroyed.
The skeletal warrior completely misses you.
Unknown command.
You hit the skeletal warrior but do no damage.
You kick the skeletal warrior.
You punch the skeletal warrior, but do no damage.
The skeletal warrior is almost destroyed.
The skeletal warrior hits you with a +0 dire flail!!
* * * LOW HITPOINT WARNING * * *
The skeletal warrior hits you with a +0 dire flail!!
You die...

.#####..#......#.######..........
........######.#.# #.######.##
.................# #.##.....#
.##.##...#####.#.######.##.#####
.##.#..........#...........#
.##.#....#######.######.##.#
.##.#.#..# #...........#
.##......#######)####......#
................@z#...######
.####...########.####.# ## #...#
#.# #.# #...# #.# #.# #####...#
#.####.# ........# #...†..#
#####...# #.###### #...# #.#
#...# #.#


You could see a skeletal warrior.

Vanquished Creatures
  A two-headed ogre (D:10)
  3 death yaks (D:8)
  The ghost of Danienth the Changeling, a novice TrSh of Trog (D:6)
  A deep elf pyromancer (D:12)
  A cyclops (D:9)
  Jeremiah (D:9)
  2 kobold demonologists (D:9)
  2 trolls
  Prince Ribbit (D:5)
  Grinder (D:3)
  3 wyverns
  11 yaks
  3 steam dragons
  A hog (shapeshifter) (D:9)
  5 vampire mosquitoes (D:11)
  An acid dragon (D:6)
  3 water moccasins
  An ice beast (D:5)
  2 orc warriors
  2 black bears
  4 ogres
  4 centaurs
  6 kobold brigands
  2 bullfrogs
  2 scorpions
  7 wights
  3 killer bees (D:8)
  6 hounds
  5 jellies
  Crazy Yiuf (D:7)
  6 orc priests
  2 gnoll boudas
  2 iguanas
  A sleepcap (D:8)
  Natasha (D:3)
  9 orc wizards
  11 gnolls
  8 adders
  2 shadow imps
  2 white imps (D:8)
  4 ufetubi
  2 worms
  3 dart slugs
  24 orcs
  6 ball pythons
  5 endoplasms
  5 giant cockroaches
  5 goblins
  8 hobgoblins
  7 jackals
  27 kobolds
  5 quokkas
  5 bats
  6 frilled lizards
  6 rats
248 creatures vanquished.

Vanquished Creatures (collateral kills)
  Fannar (D:10)
  A two-headed ogre (D:6)
  A skeletal warrior (D:11)
  A deep elf pyromancer (D:12)
  A cyclops (D:9)
  Joseph (D:7)
  Maurice (D:9)
  A kobold demonologist (D:9)
  A shadow (D:11)
  A wraith (D:10)
  5 yaks
  A steam dragon (D:7)
  A swamp drake (D:12)
  A sky beast (D:7)
  An orc warrior (D:9)
  A centaur (D:8)
  A kobold brigand (D:9)
  A scorpion (D:6)
  A wight (D:9)
  2 orc priests
  2 orc wizards
  An adder (D:6)
  3 gnolls
  5 orcs
  4 kobolds (D:9)
40 creatures vanquished.

Vanquished Creatures (others)
  5 hexers
  2 ancestors (D:6)
7 creatures vanquished.

Grand Total: 295 creatures vanquished

Notes
Turn   | Place    | Note
-------+----------+-------------------------------------------
     0 | D:1      | Demosthentine the Demonspawn Gladiator began the quest for
                  | the Orb.
     0 | D:1      | Reached XP level 1. HP: 16/16 MP: 1/1
    30 | D:1      | Gained mutation: You have large cloven feet. [demonic
                  | ancestry]
    30 | D:1      | Reached XP level 2. HP: 20/22 MP: 2/2
    94 | D:1      | Reached skill level 1 in Armour
   119 | D:1      | Reached XP level 3. HP: 14/28 MP: 3/3
   281 | D:1      | Found Des Pong's Antique Weapon Boutique.
   874 | D:2      | Gained mutation: You regenerate magic rapidly. [demonic
                  | ancestry]
   874 | D:2      | Reached XP level 4. HP: 34/34 MP: 4/4
  1308 | D:3      | Noticed Natasha
  1315 | D:3      | Killed Natasha
  1316 | D:3      | Reached skill level 3 in Fighting
  1369 | D:3      | Found an opulent altar of Gozag.
  1456 | D:3      | Noticed a scorpion
  1458 | D:3      | Killed a scorpion
  1459 | D:3      | Gained mutation: When hurt, damage is shared between your
                  | health and your magic reserves. [demonic ancestry]
  1459 | D:3      | Reached XP level 5. HP: 36/41 MP: 5/5
  1657 | D:3      | Noticed Grinder
  1660 | D:3      | Paralysed by Grinder for 3 turns
  1679 | D:3      | Killed Grinder
  1680 | D:3      | Reached XP level 6. HP: 26/48 MP: 4/6
  2114 | D:3      | Reached skill level 4 in Fighting
  2114 | D:3      | Gained mutation: Your movements are slightly less
                  | encumbered by armour. (ER -2) [demonic ancestry]
  2114 | D:3      | Reached XP level 7. HP: 15/54 MP: 4/7
  2441 | D:4      | Found a staircase to the Ecumenical Temple.
  2668 | Temple   | Entered the Ecumenical Temple
  2704 | Temple   | Became a worshipper of Hepliaklqana the Forgotten
  2768 | D:5      | Entered Level 5 of the Dungeon
  3275 | D:1      | Bought an ichor-stained trident for 212 gold pieces
  3275 | D:1      | Identified the +6 trident "Dituch" {heavy, rElec Will+}
                  | (You bought it in a shop on level 1 of the Dungeon)
  3428 | D:5      | Reached skill level 5 in Polearms
  3428 | D:5      | Reached skill level 5 in Dodging
  3428 | D:5      | Gained mutation: You have hoof-like feet. [demonic
                  | ancestry]
  3428 | D:5      | Reached XP level 8. HP: 18/61 MP: 2/8
  3524 | D:5      | Noticed Prince Ribbit
  3540 | D:5      | Killed Prince Ribbit
  3541 | D:5      | Reached skill level 5 in Fighting
  3857 | D:5      | Reached * piety under Hepliaklqana
  3872 | D:5      | Found a burning altar of Makhleb.
  3872 | D:5      | Noticed an Executioner
  4434 | D:6      | Found a runed translucent gate.
  4434 | D:6      | Found a runed translucent gate.
  4435 | D:6      | Found a runed translucent gate.
  4438 | D:6      | Noticed Danienth's ghost (novice TrSh)
  4449 | D:6      | Reached skill level 5 in Armour
  4588 | D:6      | Reached skill level 6 in Fighting
  4609 | D:6      | Gained mutation: You have hooves in place of feet. [demonic
                  | ancestry]
  4609 | D:6      | Reached XP level 9. HP: 61/62 MP: 9/9
  4620 | D:6      | Noticed a two-headed ogre
  4626 | D:6      | Killed a two-headed ogre
  4857 | D:6      | Killed Danienth's ghost
  4858 | D:6      | Reached skill level 7 in Fighting
  4991 | D:7      | You fall into a shaft and drop 1 floor!
  5040 | D:8      | Noticed a death yak
  5042 | D:8      | Found a staircase to the Lair.
  5069 | D:8      | Killed a death yak
  5070 | D:8      | Gained mutation: Your movements are less encumbered by
                  | armour. (ER -4) [demonic ancestry]
  5070 | D:8      | Reached XP level 10. HP: 7/71 MP: 0/10
  5139 | D:8      | Noticed a death yak
  5153 | D:8      | Reached ** piety under Hepliaklqana
  5155 | D:8      | Remembered your ancestor Waqi as a hexer
  5278 | D:8      | Noticed a death yak
  5584 | D:7      | Found an ancient bone altar of Kikubaaqudgha.
  5727 | D:7      | Noticed Joseph
  5739 | D:7      | Killed Joseph
  5740 | D:7      | Reached skill level 8 in Fighting
  5800 | D:7      | Found a runed translucent door.
  5801 | D:7      | Noticed Crazy Yiuf
  5973 | D:7      | Killed Crazy Yiuf
  6059 | D:8      | Killed a death yak
  6060 | D:8      | Reached skill level 1 in Shields
  6060 | D:8      | Reached skill level 1 in Invocations
  6066 | D:8      | Killed a death yak
  6194 | D:8      | Found the +8 Wrath of Trog {antimagic, *Rage Rampage}
  6266 | D:8      | Reached *** piety under Hepliaklqana
  6505 | D:8      | Reached XP level 11. HP: 60/78 MP: 10/13
  6613 | D:9      | Found a hide-covered altar of Uskayaw.
  6763 | D:9      | Reached skill level 9 in Fighting
  6819 | D:9      | Noticed Jeremiah
  6846 | D:9      | Reached skill level 5 in Invocations
  6855 | D:9      | Killed Jeremiah
  7262 | D:9      | Noticed Maurice
  7266 | D:9      | Something stole the +8 Wrath of Trog {antimagic, *Rage
                  | Rampage}
  7267 | D:9      | Something stole a ring of protection from fire
  7269 | D:9      | Something stole a +2 buckler
  7269 | D:9      | Something stole a javelin
  7275 | D:9      | Killed Maurice
  7342 | D:10     | Entered Level 10 of the Dungeon
  7498 | D:10     | Reached **** piety under Hepliaklqana
  7645 | D:10     | Noticed a two-headed ogre
  7649 | D:10     | Killed a two-headed ogre
  7896 | D:10     | Noticed Fannar
  7962 | D:10     | Killed Fannar
  8143 | D:11     | Found Qeniceyw's Jewellery Shoppe.
  8536 | D:11     | Reached XP level 12. HP: 80/87 MP: 14/17
  8758 | D:12     | Identified the of Deiffoif
  8758 | D:12     | Identified the of Jooty Otteu
  8758 | D:12     | Identified the "Viurr"
  8875 | D:12     | Found a staircase to the Orcish Mines.
  8980 | D:12     | Reached skill level 5 in Shields
  8992 | D:12     | Reached skill level 10 in Fighting
  9001 | D:12     | Reached ***** piety under Hepliaklqana
  9182 | D:11     | Mangled by a skeletal warrior

Illustrated notes

Levels and vault maps discovered:
D:1:      scummos_arrival_checkerplants, layout_rooms, serial_shops,
          nicolae_diamond_shop, nicolae_concentric_dashed_squares_wild
D:2:      minmay_skewed_foursquare, layout_rooms, grunt_ministairs_13
D:3:      layout_basic, grunt_gozag_statues, uniq_natasha, uniq_grinder
D:4:      layout_gridville, minmay_temple_entry_gardened_gates
D:5:      layout_cave_pools, makhleb_altar_promises_db, uniq_prince_ribbit1
D:6:      cheibrodos_barr_body, layout_basic, ebering_ghost_rock_garden,
          chequers_mini_garden
D:7:      layout_loops_ring, kiku_gazebo_pond_becter, zin_statuary,
          uniq_crazy_yiuf_cottage, uniq_joseph
D:8:      layout_basic, dpeg_lair_monsters, serial_curves, eino_curves_03,
          eino_curves_03
D:9:      minmay_curly_fans, layout_irregular_city,
          mainiacjoe_overflow_surrounded_room, eat_drink_and_be_merry_uskayaw,
          uniq_maurice, uniq_jeremiah
D:10:     layout_basic, corexii_checkpoint, uniq_fannar
D:11:     layout_basic, serial_shops,
          nicolae_shop_temple_entry_statues_fountains
D:12:     minmay_blocking_statues, layout_cave_pools, erik_orc_1, serial_shops,
          nicolae_shop_back_alley_shop, bh_hangedman_babel_library
Temple:   nicolae_temple_elliptical

Skill      XL: |  1  2  3  4  5  6  7  8  9 10 11 12 |
---------------+-------------------------------------+-----
Armour         | 1 2 3 4 5 6 7 |  7.0
Dodging        | 3 4 5 6 7 8 9 |  9.4
Polearms       | 3 4 5 6 7 8 9 |  9.4
Fighting       | 3 4 6 7 8 9 10 | 10.0
Shields        | 2 4 5 |  5.1
Invocations    | 3 6 7 |  7.5
Throwing       | |  1.7

Action                     |  1- 3 |  4- 6 |  7- 9 | 10-12 || total
---------------------------+-------+-------+-------+-------++-------
  Melee: Trident           |   122 |   101 |   242 |   358 ||   823
         Kick              |    18 |    10 |    48 |    79 ||   155
         Punch             |       |     2 |     3 |     5 ||    10
  Throw: Throwing net      |       |       |     2 |       ||     2
 Invoke: Recall Ancestor   |       |       |       |     3 ||     3
         Ancestor Life: He |       |       |       |     1 ||     1
    Use: Scroll            |     3 |     6 |     5 |     5 ||    19
         Potion            |       |     1 |     2 |       ||     3
   Stab: Sleeping          |     1 |       |     3 |     1 ||     5
         Held in net/web   |       |       |     2 |       ||     2
         Distracted        |       |       |       |     8 ||     8
         Confused          |       |       |       |     7 ||     7
 Armour: Leather armour    |    50 |    93 |   165 |    59 ||   367
         Steam dragon scal |       |       |       |   119 ||   119
  Dodge: Dodged            |    76 |    89 |   231 |   325 ||   721

Table legend: (Time is in decaauts)
 A = Elapsed time spent in this place.
 B = Non-inter-level travel time spent in this place.
 C = Inter-level travel time spent in this place.
 D = Time resting spent in this place.
 E = Time spent auto-exploring this place.
 F = Levels seen in this place.
 G = Mean time per level.
                   A        B        C        D        E       F      G
               +--------+--------+--------+--------+--------+-----+--------+
         Total |   9405 |   8923 |    482 |    701 |   6025 |  13 |  723.5 |
       Dungeon |   9330 |   8848 |    482 |    701 |   6025 |  12 |  777.5 |
        Temple |     75 |     75 |      0 |      0 |      0 |   1 |   75.0 |
               +--------+--------+--------+--------+--------+-----+--------+

Top non-repeatable levels by time:
     D:5: 1165 daAuts
     D:3: 1057 daAuts
     D:8: 896 daAuts
     D:7: 858 daAuts
     D:9: 796 daAuts
    D:10: 767 daAuts
    D:11: 734 daAuts
     D:4: 726 daAuts
     D:6: 712 daAuts
     D:2: 647 daAuts
     D:1: 588 daAuts
    D:12: 379 daAuts
  Temple: 75 daAuts
